 Dungeon Crawl Stone Soup version 0.31-a0-1308-ga3cce3a448 (webtiles) character file.

Game seed: 14712626089624973878

13584 Sobieck the Eclecticist (level 11, -1/62 HPs)
             Began as a Deep Elf Conjurer on Dec 18, 2023.
             Was a Priest of Vehumet.
             Slain by a gnoll sergeant
             ... wielding a +0 spear
              (8 damage)
             ... on level 10 of the Dungeon on Dec 19, 2023.
             The game lasted 00:33:11 (12558 turns).

Sobieck the Eclecticist (Deep Elf Conjurer)        Turns: 12558, Time: 00:33:12

Health: -1/62      AC:  7    Str:  4    XL:     11   Next: 77%
Magic:  8/32       EV: 15    Int: 28    God:    Vehumet [***...]
Gold:   456        SH:  0    Dex: 13    Spells: 29/40 levels left

rFire   . . .        m - staff of conjuration
rCold   . . .        z - orb {*channel}
rNeg    . . .        a - +0 robe
rPois   .            l - +0 helmet
rElec   .            C - +0 cloak
rCorr   .            e - +1 pair of gloves
SInv    .            o - +0 pair of boots
Will    +....        (no amulet)
Stlth   +++          (no ring)
HPRegen 0.30/turn    (no ring)
MPRegen 0.23/turn

%: channel magic (20%)
@: no status effects
A: no striking features
a: Renounce Religion


You were on level 10 of the Dungeon.
You worshipped Vehumet.
Vehumet was most pleased with you.
You visited 2 branches of the dungeon, and saw 11 of its levels.

You collected 628 gold pieces.
You spent 172 gold pieces at shops.

Inventory:

Hand Weapons
 i - the +5 sling "Qeinema" {elec, Will- MP+9 Int+3}
   (You found it on level 6 of the Dungeon)

   Int+3:     It affects your intelligence (+3).
   Will-:     It decreases your willpower.
   MP+9:      It affects your magic capacity (+9).
 r - the +9 sword of Power {lifebolt}
   (You found it on level 5 of the Dungeon)
Missiles
 k - 27 poisoned darts
 F - a curare-tipped dart
Armour
 a - a +0 robe (worn)
 e - a +1 pair of gloves (worn)
 l - a +0 helmet (worn)
 o - a +0 pair of boots (worn)
 p - a +0 helmet
 v - a +0 buckler
 z - an orb of energy (worn)
 C - a +0 cloak (worn)
Magical Staves
 m - a staff of conjuration (weapon)
Jewellery
 c - a ring of protection from cold
 f - a ring of protection from fire
 h - a +6 ring of strength
 G - an amulet of magic regeneration
Wands
 A - a wand of mindburst (6)
 E - a wand of charming (24)
 I - a wand of iceblast (22)
Scrolls
 b - a scroll of blinking
 g - 2 scrolls of immolation
 q - 3 scrolls of fear
 u - 2 scrolls of summoning
 x - 2 scrolls of amnesia
 y - a scroll of revelation
 B - a scroll of silence {!r}
 R - 2 scrolls of identify
 T - 2 scrolls of teleportation
Potions
 d - 4 potions of berserk rage
 j - a potion of lignification
 n - a potion of mutation
 s - a potion of brilliance
 t - a potion of attraction
 w - 2 potions of magic
 D - a potion of heal wounds
 Q - 2 potions of curing


   Skills:
 + Level 4.9 Fighting
 + Level 7.7 Dodging
 - Level 5.0 Stealth
 + Level 15.0 Spellcasting
 + Level 11.2 Conjurations
 - Level 9.0 Hexes
 - Level 4.0 Translocations


You had 29 spell levels left.
You knew the following spells:

 Your Spells              Type           Power      Damage    Failure   Level
a - Magic Dart            Conj           100%       1d8       1%          1
b - Searing Ray           Conj           100%       2d8       1%          2
c - Fulminant Prism       Conj/Hex       43%        3d19      1%          4
d - Iskenderun's Mystic   Conj/Tloc      77%        2d15      1%          4

Your spell library contained the following spells:

 Spells                   Type           Power      Damage    Failure   Level
 Mephitic Cloud           Conj/Pois/Air  58%        N/A       1%          3
 Shock                    Conj/Air       100%       1d9       1%          1
 Dazzling Flash           Conj/Hex       100%       N/A       1%          3
 Lesser Beckoning         Tloc           86%        N/A       4%          2
 Gell's Gravitas          Tloc           43%        N/A       6%          3
 Teleport Other           Tloc           43%        N/A       6%          3
 Necrotise                Necr           84%        1d8       9%          1
 Airstrike                Air            10%        2d(2-18)  13%         4
 Swiftness                Air            21%        N/A       19%         3
 Vampiric Draining        Necr           21%        2d7       19%         3
 Animate Dead             Necr           21%        N/A       45%         4
 Agony                    Necr           21%        N/A       75%         5
 Borgnjor's Vile Clutch   Necr/Erth      10%        N/A       75%         5
 Death Channel            Necr           10%        N/A       99%         6


Dungeon Overview and Level Annotations

Branches:
Dungeon (10/15)            Temple (1/1) D:4
   Lair: D:8-11         Orc: D:9-12

Altars:
Ashenzari
Cheibriados
Dithmenos
Elyvilon
Fedhas
Gozag
Hepliaklqana
Kikubaaqudgha
Makhleb
Okawaru
Qazlal
Ru
Sif Muna
Trog
Uskayaw
Vehumet
Xom
Yredelemnul
Zin
The Shining One

Shops:
D:8 ?

Annotations:
D:6 exclusion: boulder beetle


Message History

The deep troll dies!
Vehumet accepts your kill.
Your Spellcasting skill increases to level 15!
What are your orders? t - Shout!
Orders for allies: a - Attack new target. r - Retreat! s - Stop attacking. g - Guard the area. f - Follow me.
Anything else - Cancel.
Gang up on whom?
Press: ? - help, Dir - move target, f - gargoyle
Aim: a gargoyle, wielding a +0 flail (ally target) Attack!
You feel yourself speed up.
You feel sick.
The gargoyle hurls a stone arrow at you.
The stone arrow hits your yak!!
Your orc wizard points at the gargoyle and mumbles some strange words.
The puff of flame hits the gargoyle but does no damage.
Something hits your killer bee.
You feel sick. Something hits your killer bee!
Your killer bee dies!
Your killer bee's corpse dissolves into shadows!
Your killer bee barely misses something.
Something misses your orc priest.
You feel sick.
Your killer bee dissolves into shadows!
Something closely misses your orc priest.
You feel sick.
You are no longer poisoned.
Danger!
Something barely misses you.
The gnoll sergeant hits your yak with a +0 spear.
Something barely misses your orc priest.
You swap places.
Your orc priest dissolves into shadows!
The gnoll sergeant hits your yak with a +0 spear!
Your yak dies!
Your yak's corpse dissolves into shadows!
Something hits you. x2
The gnoll sergeant hits your yak with a +0 spear!
Your orc priest calls down the wrath of Beogh upon the gargoyle.
The gargoyle is smitten.
Your yak gores the gargoyle!
Something hits you!
* * * LOW HITPOINT WARNING * * *
You swap places.
Your yak dissolves into shadows!
Something hits you but does no damage. The gargoyle hits you with a +0 flail!
* * * LOW HITPOINT WARNING * * *
The gnoll sergeant hits you from afar with a +0 spear!
You die...

......#..........$.# ##.###.
...................# .).$.#'
.....#..>.........### ......
.....#.....###......### .....
............###.##.....###.[.
..........<..#..###......#'#
.#...........#g............###
#............Y9......T....#.##
...##.........@#.9........<#...
... ##........o##.#............
#. #..........................
........###.................
#.......# ###...............
###.....# .................
....#.. .................. #..#
###......#........ ###
....>##.......


You could see a gargoyle (ally target), a gnoll sergeant, a friendly yak
(summoned) and a friendly orc priest (summoned).

Vanquished Creatures
  A hydra (D:10)
  Erica (D:8)
  A two-headed ogre (D:8)
  A boulder beetle (D:7)
  A deep elf pyromancer (D:7)
  Pikel (D:5)
  A cyclops (D:7)
  Jeremiah (D:8)
  A kobold demonologist (D:10)
  3 trolls (D:10)
  A hornet (D:10)
  Prince Ribbit (D:5)
  Grinder (D:3)
  A shadow (D:10)
  A wraith (D:10)
  7 spriggans (D:8)
  Grum (D:8)
  5 yaks (D:7)
  Eustachio (D:4)
  A wyvern (D:8)
  2 steam dragons
  3 vampire mosquitoes (D:8)
  Edmund (D:5)
  An acid dragon (D:9)
  Duvessa (D:4)
  2 water moccasins (D:7)
  3 orc warriors
  2 black bears
  A sky beast (D:8)
  An ogre (D:5)
  4 wolves (D:8)
  3 phantoms
  3 kobold brigands
  4 bullfrogs
  A scorpion (D:5)
  5 wights (D:8)
  Dowan (D:4)
  17 killer bees
  3 howler monkeys (D:7)
  2 jellies
  2 hounds
  2 sleepcaps
  11 orc priests
  3 iguanas
  17 orc wizards
  Ijyb (D:5)
  Robin (D:4)
  2 gnolls (D:10)
  7 adders
  2 shadow imps
  A white imp (D:8)
  A worm (D:3)
  6 dart slugs
  42 orcs
  8 ball pythons
  11 endoplasms
  13 goblins
  10 hobgoblins
  7 jackals
  3 quokkas
  6 bats
  5 frilled lizards
  14 kobolds
  11 rats
278 creatures vanquished.

Vanquished Creatures (collateral kills)
  A deep troll (D:10)
1 creature vanquished.

Vanquished Creatures (others)
  A bullfrog (D:8)
  146 fulminant prisms
147 creatures vanquished.

Grand Total: 426 creatures vanquished

Notes
Turn   | Place    | Note
-------+----------+-------------------------------------------
     0 | D:1      | Sobieck the Deep Elf Conjurer began the quest for the Orb.
     0 | D:1      | Reached XP level 1. HP: 10/10 MP: 6/6
   149 | D:1      | Reached skill level 1 in Hexes
   169 | D:1      | Reached XP level 2. HP: 15/15 MP: 4/8
   223 | D:1      | Learned a level 2 spell: Searing Ray
  1143 | D:2      | Reached XP level 3. HP: 17/19 MP: 6/10
  2096 | D:3      | Noticed Grinder
  2103 | D:3      | Killed Grinder
  2104 | D:3      | Reached skill level 5 in Spellcasting
  2104 | D:3      | Reached XP level 4. HP: 5/24 MP: 1/13
  2104 | D:3      | Reached XP level 5. HP: 6/28 MP: 1/14
  2278 | D:3      | Found a faded altar of an unknown god.
  2504 | D:3      | Reached XP level 6. HP: 26/32 MP: 10/16
  2635 | D:3      | Learned a level 4 spell: Fulminant Prism
  2721 | D:3      | Reached skill level 6 in Conjurations
  2973 | D:3      | Found a shimmering blue altar of Sif Muna.
  3344 | D:4      | Reached skill level 6 in Spellcasting
  3438 | D:4      | Found a staircase to the Ecumenical Temple.
  3821 | D:4      | Reached XP level 7. HP: 36/36 MP: 14/18
  3854 | D:4      | Noticed Dowan
  3894 | D:4      | Noticed Duvessa
  3919 | D:4      | Killed Duvessa
  3936 | D:4      | Killed Dowan
  4038 | D:4      | Noticed Robin
  4097 | D:4      | Killed Robin
  4318 | D:4      | Reached skill level 7 in Spellcasting
  4318 | D:4      | Reached skill level 6 in Hexes
  4404 | D:4      | Found a hide-covered altar of Uskayaw.
  4540 | D:4      | Noticed Eustachio
  4548 | D:4      | Killed Eustachio
  4917 | D:5      | Entered Level 5 of the Dungeon
  4924 | D:5      | Reached XP level 8. HP: 39/41 MP: 12/21
  4950 | D:5      | Noticed Pikel
  4957 | D:5      | Killed Pikel
  4958 | D:5      | Reached skill level 8 in Spellcasting
  5221 | Temple   | Entered the Ecumenical Temple
  5230 | Temple   | Became a worshipper of Vehumet
  5271 | D:5      | You fall into a shaft and drop 3 floors!
  5297 | D:8      | Found Zinaofin's Magic Scroll Emporium.
  5387 | D:7      | Reached skill level 9 in Spellcasting
  5395 | D:7      | Reached XP level 9. HP: 45/45 MP: 5/24
  5526 | D:7      | Reached skill level 10 in Spellcasting
  5526 | D:7      | Reached skill level 9 in Conjurations
  5526 | D:7      | Reached skill level 9 in Hexes
  5613 | D:7      | Learned a level 4 spell: Iskenderun's Mystic Blast
  5908 | D:7      | Reached skill level 11 in Spellcasting
  5934 | D:7      | Reached skill level 1 in Translocations
  6362 | D:7      | Reached skill level 3 in Translocations
  6849 | D:6      | Noticed a boulder beetle
  6852 | D:5      | Noticed Prince Ribbit
  6852 | D:5      | Noticed Edmund
  6855 | D:5      | Found a snail-covered altar of Cheibriados.
  7464 | D:6      | Identified the +5 sling "Qeinema" {elec, Will- MP+9 Int+3}
  7713 | D:5      | Reached skill level 12 in Spellcasting
  7780 | D:5      | Found the +9 sword of Power {lifebolt}
  7856 | D:5      | Killed Prince Ribbit
  7879 | D:5      | Reached * piety under Vehumet
  7879 | D:5      | Offered knowledge of Foxfire by Vehumet.
  7931 | D:5      | Killed Edmund
  8057 | D:5      | Reached XP level 10. HP: 50/50 MP: 16/28
  8304 | D:5      | Noticed Ijyb
  8308 | D:5      | Killed Ijyb
  8384 | D:5      | Reached skill level 13 in Spellcasting
  8384 | D:5      | Upgraded the game from 0.31-a0-1300-gb6740aa4e6 to
                  | 0.31-a0-1308-ga3cce3a448
  8752 | D:6      | Found a blossoming altar of Fedhas.
  8914 | D:7      | Noticed a cyclops
  8934 | D:7      | Noticed a deep elf pyromancer
  8937 | D:7      | Killed a cyclops
  8938 | D:7      | Reached skill level 3 in Stealth
  9030 | D:7      | Noticed a boulder beetle
  9039 | D:7      | Killed a deep elf pyromancer
  9040 | D:7      | Reached skill level 1 in Fighting
  9040 | D:7      | Reached skill level 3 in Dodging
  9285 | D:7      | Killed a boulder beetle
 10495 | D:8      | Noticed a two-headed ogre
 10503 | D:8      | Killed a two-headed ogre
 10504 | D:8      | Reached skill level 3 in Fighting
 10517 | D:8      | Reached skill level 14 in Spellcasting
 10517 | D:8      | Reached XP level 11. HP: 60/60 MP: 12/31
 10952 | D:8      | Offered knowledge of Momentum Strike by Vehumet.
 10993 | D:8      | Bought a scroll of amnesia for 60 gold pieces
 10993 | D:8      | Bought a scroll of revelation for 112 gold pieces
 11091 | D:8      | Noticed Jeremiah
 11098 | D:8      | Killed Jeremiah
 11098 | D:8      | Reached ** piety under Vehumet
 11099 | D:8      | Reached skill level 6 in Dodging
 11104 | D:8      | Noticed Grum
 11107 | D:8      | Killed Grum
 11202 | D:8      | Noticed an angel
 11203 | D:8      | Found a glowing silver altar of Zin.
 11232 | D:8      | Noticed Erica
 11241 | D:8      | Killed Erica
 11797 | D:9      | Found a burning altar of Makhleb.
 11797 | D:9      | Noticed a cacodemon
 12035 | D:9      | Offered knowledge of Mephitic Cloud by Vehumet.
 12161 | D:10     | Entered Level 10 of the Dungeon
 12275 | D:10     | Noticed a five-headed hydra
 12424 | D:10     | Killed a five-headed hydra
 12468 | D:10     | Reached *** piety under Vehumet
 12539 | D:10     | Noticed a deep troll
 12550 | D:10     | Killed a deep troll
 12551 | D:10     | Reached skill level 15 in Spellcasting
 12558 | D:10     | Slain by a gnoll sergeant

Illustrated notes

Levels and vault maps discovered:
D:1:      dpeg_arrival_ratfight, layout_basic, serial_forest,
          infiniplex_forest_straight_2, infiniplex_forest_straight_4,
          infiniplex_forest_lined_3, infiniplex_forest_clump_double,
          infiniplex_forest_zigzag_1, infiniplex_forest_end_3, corner_web_ring,
          nicolae_concentric_dashed_squares_wild, minmay_tromino_i2
D:2:      layout_loops_corners
D:3:      layout_basic, lemuel_blue_sif_altar,
          hellmonk_ecumenical_altar_blasted, uniq_grinder
D:4:      layout_basic, nicolae_uskayaw_murder_on_the_dancefloor,
          minmay_temple_entry_from_below_b, minmay_tree_intersection,
          nicolae_concentric_dashed_squares_mild, nicolae_letterblocks
          [nicolae_letter_subblock, nicolae_letter_subblock,
          nicolae_letter_subblock, nicolae_letter_subblock,
          nicolae_letter_subblock, nicolae_letter_subblock,
          nicolae_letter_subblock, nicolae_letter_subblock,
          nicolae_letter_subblock, nicolae_letter_subblock,
          nicolae_letter_subblock, nicolae_letter_subblock,
          nicolae_letter_subblock, nicolae_letter_subblock,
          nicolae_letter_subblock, nicolae_letter_subblock,
          nicolae_letter_subblock, nicolae_letter_subblock,
          nicolae_letter_subblock, nicolae_letter_subblock,
          nicolae_letter_subblock, nicolae_letter_subblock,
          nicolae_letter_subblock, nicolae_letter_subblock,
          nicolae_letter_subblock], uniq_eustachio, uniq_robin, uniq_duvessa
D:5:      minmay_clustersquares, layout_basic, nicolae_overflow_hidden_temple,
          uniq_ijyb, uniq_pikel, uniq_prince_ribbit1, uniq_edmund
D:6:      layout_basic, mainiacjoe_overflow_24_doors,
          gammafunk_temple_overflow_pools, kb_rosetta
D:7:      minmay_cornered_nines, layout_cave_pods, nrook_uturn,
          hangedman_decor_riveting, hangedman_decor_points
D:8:      kb_forest_paths, layout_basic, zin_angel, serial_shops,
          nicolae_shop_tiny_glass, lemuel_flamethrower_2, uniq_grum, uniq_erica,
          uniq_jeremiah
D:9:      layout_basic, makhleb_altar_promises_db
D:10:     nicolae_hexawheel, layout_cave_pools
Temple:   compressed_dpeg_circular_temple

Skill      XL: |  1  2  3  4  5  6  7  8  9 10 11 |
---------------+----------------------------------+-----
Hexes          | 1 4 5 6 8 9 |  9.0
Spellcasting   | 5 6 7 9 12 14 15 | 15.0
Conjurations   | 5 6 7 8 9 10 11 | 11.2
Translocations | 4 |  4.0
Stealth        | 5 |  5.0
Fighting       | 3 4 |  4.9
Dodging        | 5 7 |  7.7

Action                     |  1- 3 |  4- 6 |  7- 9 | 10-12 || total
---------------------------+-------+-------+-------+-------++-------
  Throw: Dart              |       |       |       |     3 ||     3
   Cast: Magic Dart        |    56 |    98 |    45 |     3 ||   202
         Searing Ray       |     2 |    10 |    22 |     2 ||    36
         Fulminant Prism   |       |       |    52 |    94 ||   146
         Iskenderun's Myst |       |       |     6 |    21 ||    27
  Evoke: Wand              |       |       |     3 |     1 ||     4
    Use: Scroll            |       |     8 |     7 |     6 ||    21
         Potion            |       |       |     1 |     1 ||     2
 Armour: Robe              |     5 |     9 |    16 |    30 ||    60
  Dodge: Dodged            |     5 |     3 |    20 |    15 ||    43

Table legend: (Time is in decaauts)
 A = Elapsed time spent in this place.
 B = Non-inter-level travel time spent in this place.
 C = Inter-level travel time spent in this place.
 D = Time resting spent in this place.
 E = Time spent auto-exploring this place.
 F = Levels seen in this place.
 G = Mean time per level.
                   A        B        C        D        E       F      G
               +--------+--------+--------+--------+--------+-----+--------+
         Total |  12567 |  12246 |    321 |   3272 |   6562 |  11 | 1142.5 |
       Dungeon |  12549 |  12237 |    312 |   3272 |   6562 |  10 | 1254.9 |
        Temple |     18 |      9 |      9 |      0 |      0 |   1 |   18.0 |
               +--------+--------+--------+--------+--------+-----+--------+

Top non-repeatable levels by time:
     D:7: 2288 daAuts
     D:4: 1825 daAuts
     D:8: 1792 daAuts
     D:5: 1457 daAuts
     D:3: 1255 daAuts
     D:1: 1108 daAuts
     D:2: 963 daAuts
     D:6: 828 daAuts
     D:9: 736 daAuts
    D:10: 293 daAuts
  Temple: 18 daAuts
